Map: Interloper LE

Players

CryingLoser - Winner!

  • Race: Zerg Zerg
  • League: Diamond
  • Spawn Location: 5:00

A.I. 1 (Very Easy)

  • Race: Terran Terran
  • Spawn Location: 11:00

VOD

Have the link to the VOD?

Description

Time

  • Played on: Aug. 1, 2017, 6:57 a.m.
  • Length: 7:37
Show
View Real Time Build Order
Export as new Build Order

CryingLoser Zerg - Winner!

Build Orders: Hatch First 

Get SALT Encoding   

  12  0:02  Drone  
  13  0:13  Overlord  
  13  0:17  Drone  
  14  0:31  Drone x2  
  14  0:35  Drone  
  17  0:56  Hatchery  
  16  1:01  Drone  
  16  1:02  Drone  
  18  1:14  Extractor  
  17  1:20  Spawning Pool  
  17  1:21  Drone  
  17  1:25  Drone  
  18  1:29  Drone  
  19  1:42  Overlord  
  19  2:06  Queen  
  19  2:07  Queen  
  23  2:08  Zergling x4  
  23  2:09  Zergling x2  
  23  2:13  Metabolic Boost  
  26  2:18  Drone  
  26  2:21  Drone  
  28  2:24  Drone  
  28  2:29  Drone  
  30  2:34  Overlord  
  30  2:43  Queen  
  32  2:47  Drone  
  32  2:49  Drone  
  34  2:51  Drone  
  34  2:54  Drone  
  36  3:03  Roach Warren  
  35  3:07  Drone x2  
  35  3:12  Drone  
  38  3:15  Drone  
  38  3:18  Drone x2  
  41  3:20  Drone  
  42  3:27  Overlord  
  42  3:29  Overlord  
  42  3:38  Drone x2  
  44  3:44  Spore Crawler  
  44  3:45  Spore Crawler  
  42  3:52  Hatchery  
  41  3:59  Roach x3  
  41  4:01  Roach  
  49  4:04  Roach  
  49  4:07  Roach  
  49  4:09  Roach  
  55  4:12  Roach  
  55  4:15  Overlord  
  57  4:19  Overlord  
  57  4:25  Lair  
  57  4:30  Evolution Chamber  
  56  4:31  Drone, Extractor  
  56  4:32  Extractor  
  56  4:33  Drone  
  56  4:35  Drone  
  56  4:37  Drone  
  58  4:39  Drone  
  58  4:42  Drone  
  60  4:53  Drone x3  
  60  4:54  Drone x3  
  60  4:58  Overlord  
  66  5:00  Overlord  
  66  5:03  Overlord  
  66  5:06  Roach  
  68  5:09  Roach  
  70  5:17  Roach  
  70  5:18  Roach x2  
  70  5:19  Roach  
  78  5:22  Roach  
  80  5:29  Queen  
  82  5:39  Zerg Missile Weapons Level 1, Glial Reconstitution  
  82  5:42  Roach  
  84  5:43  Roach  
  84  5:45  Zergling x8  
  90  6:00  Drone x9  
  90  6:01  Drone  
  100  6:04  Overlord  
  100  6:07  Overlord  
  100  6:13  Drone x2  
  100  6:14  Drone  
  103  6:19  Infestation Pit  
  103  6:21  Extractor  
  101  6:26  Drone x3  
  101  6:27  Extractor  
  101  6:30  Extractor  
  102  6:42  Spine Crawler  
  102  6:44  Spine Crawler  
  100  6:47  Spore Crawler  
  100  6:49  Drone x4  
  100  6:50  Spine Crawler, Drone x4  
  100  6:51  Spine Crawler  
  105  7:09  Hatchery  
  104  7:23  Evolution Chamber  
Show
View Real Time Build Order
Export as new Build Order

A.I. 1 (Very Easy) Terran 

Build Orders:  

Get SALT Encoding   

  12  0:00  SCV  
  13  0:13  SCV  
  14  0:19  Supply Depot  
  14  0:37  Refinery  
  14  0:42  Barracks  
  14  1:05  Supply Depot  
  14  1:13  Refinery  
  14  1:30  Barracks Tech Lab  
  14  1:31  Orbital Command  
  14  1:48  Marine  
  15  1:56  SCV  
  16  2:08  SCV  
  17  2:20  SCV  
  18  2:30  Marine  
  18  2:32  SCV  
  20  2:44  SCV  
  21  2:56  SCV  
  22  3:13  Marauder  
  24  6:13  SCV  
  24  6:26  SCV  
  24  6:27  Marine  
  24  6:28  Supply Depot  
  24  6:31  Factory  
  26  6:33  Command Center  
  26  6:38  SCV  
  18  6:50  SCV  
  13  6:56  Marauder  
  11  7:02  SCV  
  10  7:14  SCV  
Tags
 
League
Diamond
Matchup
TvZ
Spawn Locations
Cross Positions
Add a new tag
Caveats
  • Supply blocks, unpowered buildings, or Contaminate may cause inaccurate times.
  • Supply counts are checked every 10 seconds.